 Dungeon Crawl Stone Soup version 0.21-a0-509-gecc5317 (webtiles) character file.

37 Dawnplanks the Digger (level 3, 0/19 HPs)
             Began as a Gargoyle Earth Elementalist on Nov 29, 2017.
             Slain by a gnoll (4 damage)
             ... on level 1 of the Dungeon.
             The game lasted 00:02:38 (1132 turns).

Dawnplanks the Digger (Gargoyle Earth Elementalist) Turns: 1132, Time: 00:02:39

Health: 0/19       AC:  5    Str: 11    XL:     3   Next: 41%
Magic:  1/6        EV: 12    Int: 21    God:
Gold:   12         SH:  0    Dex: 10    Spells: 5/6 levels left

rFire    . . .     SeeInvis .   r - +2 hand axe (chop)
rCold    . . .     Gourm    .   (no shield)
rNeg     + . .     Faith    .   c - +0 robe
rPois    ∞         Spirit   .   (no helmet)
rElec    +         Reflect  .   (no cloak)
rCorr    .         Harm     .   (no gloves)
MR       .....                  (no boots)
Stlth    ++........             (no amulet)
HPRegen  0.06/turn              g - +5 ring of intelligence
MPRegen  0.10/turn              p - ring of poison resistance (curse)

@: no status effects
A: negative energy resistance 1, electricity resistance, unbreathing,
petrification resistance, rot immunity, AC +3
a: no special abilities


You were on level 1 of the Dungeon.
You were hungry.

You visited 1 branch of the dungeon, and saw 2 of its levels.

You collected 12 gold pieces.

Inventory:

Hand Weapons
 j - a +0 hand axe
 r - a +2 hand axe of chopping (weapon)
Missiles
 b - 83 stones (quivered)
Armour
 c - a +0 robe (worn)
Jewellery
 g - a +5 ring of intelligence (left hand)
 p - a cursed ring of poison resistance (right hand)
Scrolls
 a - 3 scrolls of identify {unknown}
 f - a scroll of random uselessness {unknown}
 k - a scroll of magic mapping {unknown}
 m - a scroll of teleportation {unknown}
 o - a scroll of remove curse {unknown}
 s - a scroll of noise {unknown}
Potions
 h - a potion of curing {unknown}
 i - a potion of haste {unknown}
 n - a potion of brilliance {unknown}
Books
 e - a book of Geomancy

   Spells                             Type                      Level
   a - Sandblast                      Earth                        1
   b - Passwall                       Transmutation/Earth          2
   c - Stone Arrow                    Conjuration/Earth            3
   d - Petrify                        Transmutation/Earth          4
   e - Lee's Rapid Deconstruction     Earth                        5
Comestibles
 d - a bread ration
 l - 3 royal jellies
 q - a fruit


   Skills:
 + Level 0.2 Fighting
 + Level 2.0 Dodging
 + Level 2.4 Stealth
 + Level 2.2 Spellcasting
   Level 0.7 Transmutations
 + Level 4.5 Earth Magic


You had 5 spell levels left.
You knew the following spells:

 Your Spells              Type           Power        Failure   Level  Hunger
a - Sandblast             Erth           ###...       2%          1    #......


Dungeon Overview and Level Annotations

Branches:
Dungeon (2/15)

Altars:


Innate Abilities, Weirdness & Mutations

You are resistant to torment.
Your stone body is resilient. (AC +3)
You are immune to poison.
You resist negative energy. (rN+)
You are resistant to electric shocks. (rElec)
You can survive without breathing.
You are immune to petrification.
You are immune to rotting.


Message History

The gnoll misses you. The gnoll hits you but does no damage.
You completely miss the gnoll.
The gnoll is heavily wounded.
You feel yourself speed up. The gnoll hits you. The gnoll barely misses you.
You are too injured to fight recklessly!
You are too injured to fight recklessly!
You are too injured to fight recklessly!
You are too injured to fight recklessly!
You hit the gnoll.
The gnoll is almost dead.
The gnoll closely misses you.
You barely miss the gnoll.
The gnoll is almost dead.
The gnoll hits you.
* * * LOW HITPOINT WARNING * * *
You closely miss the gnoll.
The gnoll is almost dead.
The gnoll hits you.
You die...

#.#.## #.#...........
#.#.###############.##+##.......
#.#...(......'...##.##.##.......
##.#.##########.<.##.##...#######
...#.##########...##.####.####
.###.#.......#######.##......# .#
#.#.......#######.##......# ##
#.#.⌠.8.⌠.#.......##......#
#.#.......#..@....##......#
#.#.......#...g...##......####
#.##'###'########....≈≈≈≈≈≈≈≈≈
#.##.....########.###≈#≈≈≈≈≈#≈
#.................##.≈#≈###≈#≈
#####..##########....≈#≈≈≈≈≈#≈
#.># ##### ####.≈≈≈≈≈≈≈≈≈
##.###...### #.##......#
#...#...).# #..'....#.#


You could see a gnoll.

Vanquished Creatures
  Natasha (D:1)
  3 goblins (D:1)
  A hobgoblin (D:1)
  2 bats (D:1)
  2 frilled lizards (D:1)
  5 kobolds (D:1)
  A rat (D:1)
15 creatures vanquished.

Notes
Turn   | Place    | Note
-------+----------+-------------------------------------------
     0 | D:1      | Dawnplanks the Gargoyle Earth Elementalist began the quest for the Orb.
     0 | D:1      | Reached XP level 1. HP: 10/10 MP: 3/3
   491 | D:1      | Reached skill level 4 in Earth Magic
   505 | D:1      | Reached XP level 2. HP: 12/15 MP: 1/5
  1117 | D:2      | Noticed Natasha
  1119 | D:2      | Noticed a crimson imp
  1123 | D:1      | Killed Natasha
  1123 | D:1      | Reached XP level 3. HP: 11/19 MP: 1/6
  1132 | D:1      | Slain by a gnoll

Vault maps used:
D:1:      dpeg_arrival_simpleton_b, minmay_crystal_water, minmay_pentomino_x4
D:2:      nicolae_ru_path_of_blood, uniq_natasha, uniq_jessica

Skill      XL: |  1  2 |
---------------+-------+-----
Earth Magic    | 4 |  4.5
Dodging        | 2 |  2.0
Fighting       | |  0.2
Stealth        | |  2.4
Spellcasting   | |  2.2
Transmutations | |  0.7

Action                   || total
-------------------------++-------
Melee: Hand axe          ||    58
 Cast: Sandblast         ||    10
Armor: Robe              ||    34
Dodge: Dodged            ||    51

Table legend:
 A = Spawn XP
 B = Non-spawn XP
 C = Spawn XP percentage of total XP
 D = Spawn monster count
 E = Non-spawn monster count
 F = Spawn count percentage of total count
 G = Total turns spent on level
                    A         B        C        D         E        F      G
               +---------+---------+-------+---------+---------+-------+---------
         Total |       0 |      54 |   0.0 |       0 |      15 |   0.0 |  1132
               +---------+---------+-------+---------+---------+-------+---------
           D:1 |       0 |      54 |   0.0 |       0 |      15 |   0.0 |  1127
               +---------+---------+-------+---------+---------+-------+---------
